 Dungeon Crawl Stone Soup version 0.30-a0-187-gd9c2deaf24 (webtiles) character file.

Game seed: 16702473716660448321

73 LnG the Caller (level 4, -1/36 HPs)
             Began as a Kobold Summoner on Oct 3, 2022.
             Slain by a gnoll
             ... wielding a +0 spear
              (2 damage)
             ... on level 2 of the Dungeon.
             The game lasted 00:04:02 (1668 turns).

LnG the Caller (Kobold Summoner)                    Turns: 1668, Time: 00:04:03

Health: -1/36      AC:  2    Str:  5    XL:     4   Next: 51%
Magic:  15/17      EV: 15    Int: 18    God:
Gold:   27         SH:  0    Dex: 15    Spells: 2/8 levels left

rFire   + . .      SeeInvis .    i - +0 dagger
rCold   . . .      Faith    .    (no shield)
rNeg    . . .      Spirit   .    a - +0 robe
rPois   .          Reflect  .    (no helmet)
rElec   .          Harm     .    (no cloak)
rCorr   .          Rampage  .    (no gloves)
Will    .....                    (no boots)
Stlth   ..........               (no amulet)
HPRegen 0.26/turn                k - ring of magical power
MPRegen 0.15/turn                l - ring of protection from fire

@: berserking (expiring), about to teleport, attractive, very quick
A: small, no large weapons, nightstalker 3
a: no special abilities


You were on level 2 of the Dungeon.
You visited 1 branch of the dungeon, and saw 2 of its levels.

You collected 27 gold pieces.

Inventory:

Hand Weapons
 i - a +0 dagger (weapon)
Armour
 a - a +0 robe (worn)
Jewellery
 k - a ring of magical power (left hand)
 l - a ring of protection from fire (right hand)
Scrolls
 e - a scroll of poison {unknown}
 h - 2 scrolls of teleportation
 j - 2 scrolls of identify {unknown}
Potions
 b - a potion of magic
 c - a potion of degeneration {unknown}
 d - a potion of attraction
 f - a potion of berserk rage
 g - 2 potions of haste {unknown}


   Skills:
 + Level 0.3 Fighting
 + Level 0.6 Short Blades
 + Level 2.7 Dodging
 + Level 3.3 Stealth
 + Level 2.8 Spellcasting
 + Level 4.8 Summonings


You had 2 spell levels left.
You knew the following spells:

 Your Spells              Type           Power      Damage    Failure   Level
a - Summon Small Mammal   Summ           80%        N/A       2%          1
b - Call Imp              Summ           20%        N/A       3%          2
c - Call Canine Familiar  Summ           20%        N/A       7%          3

Your spell library contained the following spells:

 Spells                   Type           Power      Damage    Failure   Level
 Summon Guardian Golem    Hex/Summ       11%        N/A       19%         3
 Summon Lightning Spire   Summ/Air       11%        N/A       52%         4


Dungeon Overview and Level Annotations

Branches:
Dungeon (2/15)

Altars:

Shops:
D:1 *


Innate Abilities, Weirdness & Mutations

You are small and have problems with some larger weapons.
You are completely attuned to the shadows.


Message History

The gnoll is almost dead.
Your hound closely misses the gnoll.
The gnoll hits your hound with a +0 whip.
The gnoll closely misses you. x2; Your hound bites the gnoll.
The gnoll dies!
It was a potion of attraction.
You feel attractive to monsters.
Your hound barely misses the gnoll.
The gnoll hits your hound with a +0 whip.
The gnoll hits you from afar with a +0 spear.
* * * LOW HITPOINT WARNING * * *
The gnoll is attracted toward you.
As you read the scroll labelled VECASEALOG, it crumbles to dust.
You feel strangely unstable.
It was a scroll of teleportation.
Your hound bites the gnoll.
The gnoll hits your hound with a +0 whip.
Your hound dies!
Your hound's corpse disappears in a puff of smoke!
The gnoll closely misses you. The gnoll is attracted toward you.
It was a potion of berserk rage.
A red film seems to cover your vision as you go berserk!
You feel yourself moving faster!
You feel mighty! The gnoll closely misses you. The gnoll misses you.
Unknown command.
You are too berserk!
You closely miss the gnoll.
The gnoll is heavily wounded.
The gnoll closely misses you. The gnoll hits you with a +0 spear.
* * * LOW HITPOINT WARNING * * *
You hit the gnoll.
The gnoll is heavily wounded.
You closely miss the gnoll.
The gnoll is heavily wounded.
The gnoll barely misses you. The gnoll misses you.
You barely miss the gnoll.
The gnoll is heavily wounded.
The gnoll hits you with a +0 whip.
* * * LOW HITPOINT WARNING * * *
The gnoll hits you with a +0 spear.
You die...

##.#.......##............#......
...####..................#.#....
...# #...........†......#<#.###
...# #..................#.#..
...# #..................#.####
...# #....................†...
...# #........#####....<..#### .
...# ......####### ........##..
...#...........)@###########.....
##.#...........gg+...........##..
#.#.............#...####........
#.#.............+...'...........
#.#..>?.........#...###.........
#.#..........!..#...# #.........
#.#.............#...# #.........
#.#......)#....##...# #.......##
#.#.......#....##...###.........


You could see 2 gnolls.

Vanquished Creatures
  An adder (D:2)
  A gnoll (D:2)
  2 ball pythons (D:1)
  A bat (D:1)
  2 endoplasms (D:1)
  A goblin (D:1)
  3 hobgoblins
  A frilled lizard (D:2)
  A rat (D:1)
13 creatures vanquished.

Vanquished Creatures (collateral kills)
  2 gnolls
  2 dart slugs (D:1)
  A giant cockroach (D:1)
  4 hobgoblins (D:1)
  2 kobolds (D:1)
  A bat (D:1)
  3 frilled lizards (D:1)
  A goblin (D:1)
  4 rats (D:1)
20 creatures vanquished.

Grand Total: 33 creatures vanquished

Notes
Turn   | Place    | Note
-------+----------+-------------------------------------------
     0 | D:1      | LnG the Kobold Summoner began the quest for the Orb.
     0 | D:1      | Reached XP level 1. HP: 10/10 MP: 3/3
   101 | D:1      | Reached XP level 2. HP: 9/15 MP: 1/5
   108 | D:1      | Learned a level 2 spell: Call Imp
   290 | D:1      | Found a faded altar of an unknown god.
   306 | D:1      | Found Otueg's General Store.
   723 | D:1      | Reached XP level 3. HP: 19/19 MP: 6/6
   966 | D:1      | Learned a level 3 spell: Call Canine Familiar
  1642 | D:2      | Reached XP level 4. HP: 24/24 MP: 8/8
  1668 | D:2      | HP: 1/36 [gnoll/+0 whip (2)]
  1668 | D:2      | Slain by a gnoll

Illustrated notes

Levels and vault maps discovered:
D:1:      amcnicky_arrival_blooded_trapdoor, layout_basic, serial_shops,
          nicolae_lakefront_shop, hellmonk_ecumenical_altar_crossroads,
          minivault_27
D:2:      layout_basic, uniq_sigmund

Skill      XL: |  1  2  3 |
---------------+----------+-----
Stealth        | 3 |  3.3
Fighting       | |  0.3
Short Blades   | |  0.6
Dodging        | |  2.7
Spellcasting   | |  2.8
Summonings     | |  4.8

Action                   |  1- 3 |  4- 6 || total
-------------------------+-------+-------++-------
Melee: Unarmed           |    18 |       ||    18
       Punch             |     1 |     1 ||     2
       Club              |    13 |       ||    13
       Dagger            |    21 |    10 ||    31
 Cast: Summon Small Mamm |     6 |       ||     6
       Call Imp          |     6 |       ||     6
       Call Canine Famil |     1 |     1 ||     2
  Use: Potion            |       |     2 ||     2
       Scroll            |       |     1 ||     1
 Stab: Sleeping          |     6 |     1 ||     7
Armor: Robe              |    12 |       ||    12
Dodge: Dodged            |    60 |    11 ||    71

Table legend: (Time is in decaauts)
 A = Elapsed time spent in this place.
 B = Non-inter-level travel time spent in this place.
 C = Inter-level travel time spent in this place.
 D = Time resting spent in this place.
 E = Time spent auto-exploring this place.
 F = Levels seen in this place.
 G = Mean time per level.
                   A        B        C        D        E       F      G
               +--------+--------+--------+--------+--------+-----+--------+
         Total |   1668 |   1561 |    107 |      0 |   1268 |   2 |  834.0 |
       Dungeon |   1668 |   1561 |    107 |      0 |   1268 |   2 |  834.0 |
               +--------+--------+--------+--------+--------+-----+--------+

Top non-repeatable levels by time:
     D:1: 1376 daAuts
     D:2: 291 daAuts
